 Dungeon Crawl Stone Soup version 0.30-a0-528-g8c47a4955b (webtiles) character file.

Game seed: 6747966510856136051

627 drugrobin the Poker (level 7, -11/56 HPs)
             Began as a Demigod Delver on Dec 23, 2022.
             Killed by an exploding killer bee (27 damage)
             ... ignited by their inner flame
             ... on level 4 of the Dungeon.
             The game lasted 00:11:12 (4330 turns).

drugrobin the Poker (Demigod Delver)                Turns: 4330, Time: 00:11:13

Health: -11/56     AC:  7    Str: 21    XL:     7   Next: 2%
Magic:  9/9        EV: 10    Int: 12    God:
Gold:   175        SH:  0    Dex: 15    Spells: 6/6 levels left

rFire   . . .      SeeInvis .    a - +3 trident
rCold   . . .      Faith    .    (no shield)
rNeg    . . .      Spirit   .    l - +0 scale mail
rPois   .          Reflect  .    (no helmet)
rElec   .          Harm     .    y - +0 cloak
rCorr   .          Rampage  .    (no gloves)
Will    .....                    (no boots)
Stlth   +                        (no amulet)
HPRegen 0.29/turn                (no ring)
MPRegen 0.11/turn                (no ring)

@: lethally poisoned (-11 -> -20)
A: high MP 1, forlorn, divine attributes
a: no special abilities


You were on level 4 of the Dungeon.
You visited 1 branch of the dungeon, and saw 5 of its levels.

You collected 175 gold pieces.

Inventory:

Hand Weapons
 a - a +3 trident (weapon)
 e - a +3 quarterstaff of chaos
Missiles
 r - 6 poisoned darts
 u - 8 boomerangs (quivered)
 z - 2 javelins
Armour
 b - a +0 leather armour
 l - a +0 scale mail (worn)
 y - a +0 cloak (worn)
Wands
 g - a wand of digging (1)
 A - a wand of light (4)
Scrolls
 c - a scroll of fog
 d - 6 scrolls of identify {unknown}
 m - 2 scrolls of magic mapping
 n - a scroll of vulnerability {unknown}
 o - a scroll of blinking {unknown}
 p - a scroll of summoning {unknown}
 q - 2 scrolls of poison {unknown}
 s - a scroll of enchant weapon {unknown}
 w - 2 scrolls of immolation
Potions
 f - a potion of mutation {unknown}
 h - 3 potions of invisibility
 i - a potion of lignification {unknown}
 j - 2 potions of curing {unknown}
 k - a potion of attraction {unknown}
 t - a potion of heal wounds {unknown}
 v - a potion of might {unknown}
 x - a potion of brilliance {unknown}


   Skills:
 - Level 2.6 Fighting
 * Level 7.4 Polearms
 - Level 1.7 Dodging
 - Level 4.5 Stealth


You had 6 spell levels left.
You didn't know any spells.
Your spell library contained the following spells:

 Spells                   Type           Power      Damage    Failure   Level
 Call Canine Familiar     Summ           0%         N/A       96%         3
 Gell's Gravitas          Tloc           0%         N/A       96%         3
 Lesser Beckoning         Tloc           0%         N/A       96%         3
 Portal Projectile        Hex/Tloc       0%         N/A       96%         3
 Teleport Other           Tloc           0%         N/A       96%         3
 Tukima's Dance           Hex            0%         N/A       96%         3
 Leda's Liquefaction      Hex/Erth       0%         N/A       100%        4
 Passage of Golubria      Tloc           0%         N/A       100%        4
 Yara's Violent Unravell  Hex/Tmut       0%         3d3       100%        5


Dungeon Overview and Level Annotations

Branches:
Dungeon (5/15)
 Temple: D:4-7

Annotations:
D:5 exclusion: upstairs


Innate Abilities, Weirdness & Mutations

You have an increased reservoir of magic. (+10% MP)
You shall have no god before yourself.
Your divine heritage dramatically boosts your attributes as you level up.


Message History

The killer bee stings you but does no damage.
The killer bee stings you.
Unknown command.
You closely miss the killer bee.
The killer bee is severely wounded.
You feel sick. The killer bee barely misses you. The killer bee stings you.
Unknown command.
Unknown command.
You barely miss the killer bee.
The killer bee is severely wounded.
You feel sick.
The killer bee stings you but does no damage.
The killer bee barely misses you.
As you read the scroll labelled QOYXTY YTWUDYLI, it crumbles to dust.
The creatures around you are filled with an inner flame!
It was a scroll of immolation.
You feel sick. The killer bee completely misses you. The killer bee stings you.
Unknown command.
Unknown command.
Unknown command.
The killer bee attacks as you move away!
The killer bee stings you.
You feel sick.
The killer bee stings you but does no damage.
Unknown command.
Unknown command.
You miss the killer bee.
The killer bee is severely wounded.
You feel sick.
You are no longer poisoned.
The killer bee barely misses you. The killer bee stings you.
* * * LOW HITPOINT WARNING * * *
You are poisoned.
The killer bee poisons you!
Unknown command.
Unknown command.
Unknown command.
You puncture the killer bee!
The killer bee explodes!
You feel a bit more experienced. The fiery explosion engulfs you!!
You die...

#..#.## *,,#..##..≈.##,,*,,*
##.#..# #=##.##......##,**,*
#.#..# #.#.$#..#!.#..#,,*,*
#.#.## #.*..#$.#⌠>#..#,,*,*
#.#.# #.##.#oS.[..≈##,**,*
##.#.#### #..#JS##.§..##,,*,,*
#...<...##
*#§#.hS######^,**,**
##.#.##..####§§##...S.J,,**,,*
#...###...###§@##.8.[8,**,,**
###..## ###...#...#######*,,,*
#..<..# #...##.........,,,**
..#..## #.####.........,,,*
.....# #.#####........,,**
..#.## ##......#.......,**
#...# #....)).########,*
#...######.#).)........,,,*
........##.#..........#****


There were no monsters in sight!

Vanquished Creatures
  Grinder (D:4)
  Menkaure (D:4)
  A killer bee (D:4)
  A howler monkey (D:3)
  2 hounds
  Crazy Yiuf (D:4)
  An iguana (D:4)
  An orc wizard (D:3)
  4 adders
  3 dart slugs
  8 orcs
  6 ball pythons
  6 endoplasms
  6 giant cockroaches
  12 goblins
  6 hobgoblins
  6 jackals (D:1)
  3 quokkas
  7 bats
  5 frilled lizards
  9 kobolds
  7 rats
97 creatures vanquished.

Vanquished Creatures (others)
  A fungus (D:4)
  2 plants (D:2)
3 creatures vanquished.

Grand Total: 100 creatures vanquished

Notes
Turn   | Place    | Note
-------+----------+-------------------------------------------
     0 | D:5      | drugrobin the Demigod Delver began the quest for the Orb.
     0 | D:5      | Reached XP level 1. HP: 18/18 MP: 3/3
    38 | D:5      | Noticed an iguana
    41 | D:5      | Noticed a hound
    69 | D:5      | Killed a hound
    70 | D:5      | Reached skill level 3 in Polearms
    70 | D:5      | Reached XP level 2. HP: 3/25 MP: 4/4
   229 | D:4      | Noticed a killer bee
   367 | D:4      | Noticed Crazy Yiuf
   367 | D:4      | Found a runed translucent door.
   549 | D:3      | Reached XP level 3. HP: 30/30 MP: 5/5
  1292 | D:1      | Reached skill level 4 in Polearms
  1700 | D:2      | Reached XP level 4. HP: 33/37 MP: 6/6
  2822 | D:3      | Reached skill level 5 in Polearms
  2822 | D:3      | Reached XP level 5. HP: 13/42 MP: 7/7
  3586 | D:4      | Noticed Grinder
  3604 | D:4      | Paralysed by Grinder for 2 turns
  3650 | D:4      | Killed Crazy Yiuf
  3866 | D:4      | Reached skill level 6 in Polearms
  3908 | D:4      | Paralysed by Grinder for 3 turns
  3912 | D:4      | Killed Grinder
  3913 | D:4      | Reached XP level 6. HP: 13/50 MP: 8/8
  4171 | D:4      | Noticed Menkaure
  4177 | D:4      | Killed Menkaure
  4178 | D:4      | Reached skill level 7 in Polearms
  4178 | D:4      | Reached XP level 7. HP: 39/56 MP: 9/9
  4330 | D:4      | Killed by an exploding killer bee... ignited by their inner
                  | flame

Illustrated notes

Levels and vault maps discovered:
D:1:      dpeg_arrival_simpleton_c, layout_basic, st_stairs_12,
          minmay_hedge_maze, minmay_cut_off
D:2:      layout_loops_cross, serial_bayou, serial_bayou_pond_b,
          serial_bayou_pond_a, serial_bayou_pond_d, serial_bayou_ford_a,
          basic_altar, kennysheep_generic_room_10
D:3:      layout_loops_corners, nzn_wu_jian_contemplation
D:4:      layout_rooms, nzn_random_ring, uniq_grinder, uniq_menkaure,
          uniq_crazy_yiuf_cottage
D:5:      layout_basic, uniq_blork_the_orc, uniq_edmund

Skill      XL: |  1  2  3  4  5  6 |
---------------+-------------------+-----
Polearms       | 3 4 5 6 7 |  7.4
Fighting       | |  2.6
Dodging        | |  1.7
Stealth        | |  4.5

Action                   |  1- 3 |  4- 6 |  7- 9 || total
-------------------------+-------+-------+-------++-------
Melee: Spear             |   161 |   193 |       ||   354
       Punch             |     1 |       |       ||     1
       Quarterstaff      |       |    19 |    12 ||    31
       Trident           |       |       |     8 ||     8
Throw: Dart              |       |     5 |       ||     5
       Boomerang         |       |     6 |       ||     6
       Javelin           |       |     2 |       ||     2
Evoke: Wand              |     2 |     1 |       ||     3
  Use: Scroll            |     1 |     1 |     1 ||     3
       Potion            |     1 |     1 |       ||     2
 Stab: Sleeping          |     2 |     3 |       ||     5
       Distracted        |       |     1 |       ||     1
Armor: Leather armour    |    14 |       |       ||    14
       Scale mail        |    42 |    59 |    12 ||   113
Dodge: Dodged            |    78 |    83 |    17 ||   178

Table legend: (Time is in decaauts)
 A = Elapsed time spent in this place.
 B = Non-inter-level travel time spent in this place.
 C = Inter-level travel time spent in this place.
 D = Time resting spent in this place.
 E = Time spent auto-exploring this place.
 F = Levels seen in this place.
 G = Mean time per level.
                   A        B        C        D        E       F      G
               +--------+--------+--------+--------+--------+-----+--------+
         Total |   4282 |   4118 |    164 |    527 |   2290 |   5 |  856.4 |
       Dungeon |   4282 |   4118 |    164 |    527 |   2290 |   5 |  856.4 |
               +--------+--------+--------+--------+--------+-----+--------+

Top non-repeatable levels by time:
     D:3: 1350 daAuts
     D:1: 963 daAuts
     D:4: 823 daAuts
     D:2: 779 daAuts
     D:5: 366 daAuts
